 Dungeon Crawl Stone Soup version 0.31-a0-702-gf82c85558f (webtiles) character file.

Game seed: 17659378298098961806

760 Xavori the Sneak (level 7, -3/47 HPs)
             Began as an Octopode Chaos Knight on Sept 8, 2023.
             Was a Plaything of Xom.
             Killed by an exploding ballistomycete spore (13 damage)
             ... on level 5 of the Dungeon.
             The game lasted 00:04:17 (8342 turns).

Xavori the Sneak (Octopode Chaos Knight)            Turns: 8342, Time: 00:04:18

Health: -3/47      AC:  6    Str:  9 (11) XL:     7   Next: 80%
Magic:  7/7        EV: 13    Int: 18      God:    Xom [....*.]
Gold:   89         SH:  0    Dex: 11 (12) Spells: 6/6 levels left

rFire   . . .        d - +2 short sword (protect)
rCold   + + +        g - +1 buckler {AC+3}
rNeg    . . .        (helmet restricted)
rPois   .            (no amulet)
rElec   .            v - ring of flight
rCorr   .            y - ring of protection from cold
SInv    .            (no ring)
Will    .....        (no ring)
Stlth   ++           (no ring)
HPRegen 0.27/turn    (no ring)
MPRegen 0.10/turn    (no ring)
                     (no ring)

%: no passive effects
@: confused, flying
A: almost no armour, amphibious, 8 rings, camouflage 1, gelatinous body 1,
(nimble swimmer 1), tentacles, iridescent scales 1, clever 1, cold resistance 2,
deterioration 1, mutation resistance 1, inability to read after injury 1
a: Renounce Religion


You were on level 5 of the Dungeon.
You worshipped Xom.
You were a beloved toy of Xom.
You visited 1 branch of the dungeon, and saw 5 of its levels.

You collected 243 gold pieces.
You spent 154 gold pieces at shops.

Inventory:

Hand Weapons
 a - a +0 short sword of chaos
 d - a +2 short sword of protection (weapon)
Missiles
 o - 2 throwing nets
Armour
 g - a +1 buckler of protection (worn)
Jewellery
 v - a ring of flight (left tentacle)
 y - a ring of protection from cold (right tentacle)
Talismans
 p - a flux talisman
Wands
 t - a wand of mindburst (8)
Scrolls
 b - a scroll of butterflies
 c - 2 scrolls of blinking
 e - a scroll of poison {unknown}
 h - a scroll of fear
 j - 2 scrolls of teleportation
 k - a scroll of immolation {unknown}
 m - a scroll of enchant armour
 s - 2 scrolls of identify
 u - 3 scrolls of revelation {unknown}
 w - a scroll of amnesia {unknown}
 x - a scroll of fog {unknown}
Potions
 i - 2 potions of heal wounds
 l - a potion of resistance {unknown}
 n - a potion of lignification {unknown}
 q - 3 potions of might
 r - a potion of berserk rage {unknown}


   Skills:
 + Level 3.9 Fighting
 + Level 5.5 Short Blades
 + Level 3.9 Dodging
 + Level 6.2 Stealth
 + Level 0.9 Shields
 * Level 2.4 Shapeshifting


You had 6 spell levels left.
You didn't know any spells.
Your spell library contained the following spells:

 Spells                   Type           Power      Damage    Failure   Level
 Ozocubu's Armour         Ice            0%         N/A       71%         3
 Volatile Blastmotes      Fire/Tloc      0%         2d10      71%         3
 Fulminant Prism          Conj/Hex       0%         3d5       98%         4
 Iskenderun's Mystic Bla  Conj/Tloc      0%         2d3       98%         4
 Ozocubu's Refrigeration  Ice            0%         4d7       100%        7


Dungeon Overview and Level Annotations

Branches:
Dungeon (5/15)             Temple (0/1) D:4

Altars:
Ashenzari
Cheibriados
Fedhas
Gozag
Makhleb
Nemelex Xobeh
Sif Muna
Xom
The Shining One

Shops:
D:4 !


Innate Abilities, Weirdness & Mutations

You cannot wear most types of armour.
You are amphibious.
You can wear up to eight rings at the same time.
Your skin changes colour to match your surroundings (Stealth+).
Your rubbery body absorbs attacks. (AC +1, EV +1)
((You are camouflaged when in or above water. (Stealth+)))
You have tentacles for arms and can constrict up to eight enemies at once.
You are partially covered in iridescent scales. (AC +2)
Your mind is acute. (Int +4, Str/Dex -1)
Your flesh is very cold resistant. (rC++)
Your body sometimes deteriorates upon taking damage.
You are somewhat resistant to further mutation.
You occasionally lose the ability to read scrolls when taking damage.


Message History

A ballistomycete spore comes into view.
You feel less confused.
A ballistomycete spore comes into view.
The ballistomycete spore explodes!
The explosion of spores engulfs you!
You are confused.
The explosion of spores engulfs the ballistomycete spore!!
The ballistomycete spore explodes!
The explosion of spores engulfs you.
You are more confused.
The explosion of spores engulfs the ballistomycete.
You hit the ballistomycete.
Your weapon exudes an aura of protection.
The ballistomycete is almost destroyed.
A ballistomycete spore comes into view.
A ballistomycete spore comes into view.
You see here 9 stones.
A ballistomycete spore comes into view.
You're too confused to move!
You feel less confused.
The ballistomycete spore explodes!
The explosion of spores engulfs the ballistomycete spore!
The explosion of spores engulfs you.
You are confused.
The ballistomycete spore explodes!
The explosion of spores engulfs you.
You are more confused.
Your body deteriorates!
You feel clumsy.
A ballistomycete spore comes into view.
The ballistomycete spore explodes!
The explosion of spores engulfs you.
You are more confused.
* * * LOW HITPOINT WARNING * * *
Your body deteriorates!
You feel weakened.
A ballistomycete spore comes into view.
You see here 9 stones.
The ballistomycete spore explodes!
The explosion of spores engulfs you!
You are more confused.
You die...
Xom howls with laughter!

........ #... ..!....
#... .....#########' #
#...##....##..
##.########...##........
#........##...##........
#.......................
#......(...=............
#......@................
#...........*...........
#..........P............
########################


You could see a ballistomycete and a ballistomycete spore.

Vanquished Creatures
  2 ogres (D:5)
  2 scorpions (D:5)
  A jelly (D:5)
  2 hounds (D:5)
  Jessica (D:2)
  An iguana (D:4)
  Terence (D:3)
  2 orc wizards
  Robin (D:2)
  A worm (D:2)
  A dart slug (D:4)
  9 orcs
  6 bats
  7 endoplasms
  5 giant cockroaches
  20 goblins
  4 hobgoblins
  6 jackals
  3 quokkas
  9 ball pythons
  2 frilled lizards
  11 kobolds
  6 rats
103 creatures vanquished.

Vanquished Creatures (collateral kills)
  The ghost of soul19 the Trooper, an amateur DsFi (D:3)
1 creature vanquished.

Vanquished Creatures (others)
  14 ballistomycete spores (D:5)
14 creatures vanquished.

Grand Total: 118 creatures vanquished

Notes
Turn   | Place    | Note
-------+----------+-------------------------------------------
     0 | D:1      | Xavori the Octopode Chaos Knight began the quest for the
                  | Orb.
     0 | D:1      | Reached XP level 1. HP: 16/16 MP: 1/1
    12 | D:1      | XOM: silly message
   124 | D:1      | Reached XP level 2. HP: 17/21 MP: 2/2
   142 | D:1      | XOM: silly message
   357 | D:1      | Reached XP level 3. HP: 24/26 MP: 3/3
   383 | D:1      | XOM: god gift: scroll labelled REPTIPN HUSMOVY {god gift}
   406 | D:1      | Found a faded altar of an unknown god.
   410 | D:1      | Reached skill level 1 in Stealth
   471 | D:1      | XOM: god gift: 30 gold pieces
   646 | D:1      | XOM: silly message
  1447 | D:1      | XOM: god gift: 5 stones
  1863 | D:1      | XOM: scenery: create altars
  1935 | D:1      | XOM is BORED!
  2673 | D:1      | XOM: god gift: flail {god gift}
  3004 | D:1      | XOM: give mutation
  3004 | D:1      | Gained mutation: You are somewhat resistant to further
                  | mutation. [Xom's grace]
  3999 | D:1      | XOM: scenery: create altars
  4834 | D:1      | XOM: give mutations
  4834 | D:1      | Gained mutation: You occasionally lose the ability to read
                  | scrolls when taking damage. [Xom's mischief]
  4834 | D:1      | Gained mutation: Your body sometimes deteriorates upon
                  | taking damage. [Xom's mischief]
  4834 | D:1      | Gained mutation: You are partially covered in iridescent
                  | scales. (AC +2) [Xom's mischief]
  5145 | D:1      | XOM: god gift: 12 gold pieces
  5195 | D:1      | XOM: god gift: +1 buckler of protection
  5249 | D:2      | Noticed Robin
  5253 | D:2      | XOM: potion effect (might)
  5283 | D:2      | Killed Robin
  5284 | D:2      | Reached skill level 2 in Stealth
  5288 | D:2      | Reached XP level 4. HP: 31/31 MP: 4/4
  5331 | D:2      | XOM: give mutations
  5331 | D:2      | Gained mutation: Your mind is acute. (Int +4, Str/Dex -1)
                  | [Xom's grace]
  5331 | D:2      | Gained mutation: Your flesh is cold resistant. (rC+) [Xom's
                  | grace]
  5331 | D:2      | Gained mutation: Your flesh is very cold resistant. (rC++)
                  | [Xom's grace]
  5459 | D:2      | XOM: 1-stop teleportation journey
  5562 | D:2      | Reached skill level 3 in Stealth
  5579 | D:2      | XOM: summons 3 hostile demons
  5638 | D:2      | XOM: divination: detect creatures
  5680 | D:2      | Noticed Jessica
  5687 | D:2      | Killed Jessica
  5905 | D:2      | Reached XP level 5. HP: 33/36 MP: 5/5
  5916 | D:2      | XOM: smoke on damage
  5937 | D:2      | Reached skill level 4 in Stealth
  6136 | D:3      | Found a broken altar of Ashenzari.
  6215 | D:3      | Found a sparkling altar of Nemelex Xobeh.
  6244 | D:3      | Noticed Terence
  6256 | D:3      | Killed Terence
  6390 | D:3      | Found a large runed translucent door.
  6390 | D:3      | Found a large runed translucent door.
  6395 | D:3      | Noticed soul19's ghost (amateur DsFi)
  6712 | D:3      | XOM: confuse monster(s)
  6715 | D:3      | XOM: cast spell 'Summon Hydra'
  6720 | D:3      | Killed soul19's ghost
  6721 | D:3      | Reached skill level 1 in Shapeshifting
  6721 | D:3      | Reached XP level 6. HP: 43/43 MP: 6/6
  6812 | D:4      | Found a staircase to the Ecumenical Temple.
  7384 | D:4      | Found Waruzov's Distillery.
  7389 | D:4      | Bought a potion of heal wounds for 55 gold pieces
  7389 | D:4      | Bought a potion of heal wounds for 55 gold pieces
  7389 | D:4      | Bought a potion of might for 44 gold pieces
  7529 | D:4      | Found a burning altar of Makhleb.
  7549 | D:4      | XOM: god gift: 2 stones
  7906 | D:5      | Entered Level 5 of the Dungeon
  7918 | D:5      | Reached skill level 5 in Short Blades
  7918 | D:5      | Reached skill level 5 in Stealth
  7918 | D:5      | Reached XP level 7. HP: 47/47 MP: 7/7
  7971 | D:5      | XOM: summons friendly crimson imp
  7978 | D:5      | Reached skill level 6 in Stealth
  8003 | D:5      | Found a snail-covered altar of Cheibriados.
  8123 | D:5      | Found a shimmering blue altar of Sif Muna.
  8124 | D:5      | Found a blossoming altar of Fedhas.
  8125 | D:5      | Found a glowing golden altar of the Shining One.
  8126 | D:5      | Found an opulent altar of Gozag.
  8305 | D:5      | XOM: polymorph sleepcap -> ballistomycete
  8328 | D:5      | Identified the ring "Seajev" {rF- rCorr Str+5 Int+4} (Xom
                  | gifted it to you on level 5 of the Dungeon)
  8328 | D:5      | XOM: god gift: ring "Seajev" {rF- rCorr Str+5 Int+4}
  8342 | D:5      | Killed by an exploding ballistomycete spore

Illustrated notes

Levels and vault maps discovered:
D:1:      beargit_arrival_greenhouse, layout_rooms,
          shapermc_ecumenical_altar_starsandcircs
D:2:      kennysheep_six_static_rooms, layout_basic, uniq_robin, uniq_jessica
D:3:      layout_basic, mainiacjoe_overflow_six_doors_small,
          nemelex_dance_club_becter, ebering_ghost_disaster_area,
          kennysheep_generic_room_9, uniq_terence
D:4:      layout_basic, lemuel_doored_altar,
          minmay_temple_entry_drinking_statues, serial_shops,
          nicolae_stop_n_shop_2, ebering_dispersal_statue_hall,
          kennysheep_pointless_box
D:5:      layout_gridville, mainiacjoe_overflow_alcove_3, old_standard_altar,
          gammafunk_ghost_cemetery

Skill      XL: |  1  2  3  4  5  6  7 |
---------------+----------------------+-----
Stealth        | 2 3 4 5 6 |  6.2
Dodging        | 3 |  3.9
Short Blades   | 4 5 |  5.5
Shapeshifting  | 1 2 |  2.4
Fighting       | |  3.9
Shields        | |  0.9

Action                     |  1- 3 |  4- 6 |  7- 9 || total
---------------------------+-------+-------+-------++-------
  Melee: Short sword       |    68 |   159 |    46 ||   273
         Constrict         |     7 |    22 |     9 ||    38
         Tentacles         |     9 |    23 |    21 ||    53
         Punch             |       |       |     1 ||     1
    Use: Scroll            |     1 |     3 |       ||     4
         Potion            |       |     2 |     3 ||     5
   Stab: Sleeping          |     5 |    15 |       ||    20
         Confused          |       |     1 |       ||     1
 Armour: Skin              |    21 |    92 |    28 ||   141
  Dodge: Dodged            |    41 |    51 |    34 ||   126
  Block: Buckler           |     3 |    18 |     7 ||    28

Table legend: (Time is in decaauts)
 A = Elapsed time spent in this place.
 B = Non-inter-level travel time spent in this place.
 C = Inter-level travel time spent in this place.
 D = Time resting spent in this place.
 E = Time spent auto-exploring this place.
 F = Levels seen in this place.
 G = Mean time per level.
                   A        B        C        D        E       F      G
               +--------+--------+--------+--------+--------+-----+--------+
         Total |   8298 |   8189 |    109 |   4672 |   2811 |   5 | 1659.6 |
       Dungeon |   8298 |   8189 |    109 |   4672 |   2811 |   5 | 1659.6 |
               +--------+--------+--------+--------+--------+-----+--------+

Top non-repeatable levels by time:
     D:1: 5196 daAuts
     D:4: 1142 daAuts
     D:2: 914 daAuts
     D:3: 620 daAuts
     D:5: 424 daAuts
